EL
READING FIGHTIN PHILS @ SAN ANTONIO MISSIONS
08/23/2049
 
TOP OF THE 1ST
Reading Fightin Phils batting - Pitching for San Antonio Missions : RHP John Mason
Pitching: RHP John Mason
Batting: RHB Alberto Ramirez 0-0: Called Strike
0-1: Foul Ball, location: 2F
0-2: Ball
1-2: Fly out, F9 (Flyball, 9, EV 88.1 MPH)
Batting: RHB Greg Herzig 0-0: Called Strike
0-1: Foul Ball, location: 2F
0-2: Foul Ball, location: 2F
0-2: Foul Ball, location: 2F
0-2: Ball
1-2: Foul Ball, location: 2F
1-2: Strikes out swinging
Batting: RHB Guan-pei Gao 0-0: Called Strike
0-1: Foul Ball, location: 2F
0-2: Foul Ball, location: 2F
0-2: Ball
1-2: Strikes out swinging
Top of the 1st over - 0 runs, 0 hits, 0 errors, 0 left on base; Reading 0 - San Antonio 0
BOTTOM OF THE 1ST
San Antonio Missions batting - Pitching for Reading Fightin Phils : RHP Dale Turner
Pitching: RHP Dale Turner
Batting: RHB Niek de Haan 0-0: Foul Ball, location: 2F
0-1: Ground out 6-3 (Groundball, 56, EV 100.0 MPH)
Batting: LHB Pat Aviles 0-0: Ball
1-0: Foul Ball, location: 2F
1-1: Ball
2-1: SINGLE (Flyball, 89S, EV 91.9 MPH)
Batting: RHB Kory Sanchez 0-0: Foul Ball, location: 2F
0-1: Swinging Strike
0-2: Fly out, F4 (Popup, 34, EV 73.1 MPH)
Batting: RHB Chase Briney 0-0: Ball
Pat Aviles is caught stealing 2nd base 2-4
Bottom of the 1st over - 0 runs, 1 hit, 0 errors, 0 left on base; Reading 0 - San Antonio 0
TOP OF THE 2ND
Reading Fightin Phils batting - Pitching for San Antonio Missions : RHP John Mason
Batting: RHB Victor Arroyo 0-0: Called Strike
0-1: Ball
1-1: Ball
2-1: Fly out, F6 (Popup, 6, EV 65.6 MPH)
Batting: RHB Mike Bell 0-0: Ball
1-0: Ground out 6-3 (Groundball, 6, EV 77.5 MPH)
Batting: RHB David Clough 0-0: Called Strike
0-1: Foul Ball, location: 2F
0-2: DOUBLE (Line Drive, 78D, EV 108.1 MPH)
Batting: RHB Victor Arias 0-0: Ball
1-0: Ball
2-0: Foul Ball, location: 2F
2-1: Foul Ball, location: 2F
2-2: Fly out, F9 (Flyball, 9D, EV 96.9 MPH)
Top of the 2nd over - 0 runs, 1 hit, 0 errors, 1 left on base; Reading 0 - San Antonio 0
BOTTOM OF THE 2ND
San Antonio Missions batting - Pitching for Reading Fightin Phils : RHP Dale Turner
Batting: RHB Chase Briney 0-0: Ground out 4-3 (Groundball, 4, EV 83.8 MPH)
Batting: RHB Caleb Russell 0-0: Called Strike
0-1: Ball
1-1: Fly out, F9 (Line Drive, 89M, EV 94.4 MPH)
Batting: RHB Bryan Pitcher 0-0: Called Strike
0-1: Ball
1-1: Ball
2-1: SINGLE (Line Drive, 4D, EV 100.0 MPH)
Batting: RHB Jaden Scott 0-0: Swinging Strike
0-1: Ball
1-1: Foul Ball, location: 2F
1-2: Strikes out swinging, 2-3 out at first.
Bottom of the 2nd over - 0 runs, 1 hit, 0 errors, 1 left on base; Reading 0 - San Antonio 0
TOP OF THE 3RD
Reading Fightin Phils batting - Pitching for San Antonio Missions : RHP John Mason
Batting: RHB Jake Cox 0-0: Swinging Strike
0-1: Ball
1-1: Fly out, F7 (Flyball, 78D, EV 81.2 MPH)
Batting: RHB Mike Meeker 0-0: Ball
1-0: Called Strike
1-1: Fly out, F5 (Line Drive, 56, EV 68.8 MPH)
Now at 3B: Mike MacLeod
Batting: RHB Alberto Ramirez 0-0: Ball
1-0: Ball
2-0: Called Strike
2-1: Foul Ball, location: 2F
2-2: Strikes out swinging
Top of the 3rd over - 0 runs, 0 hits, 0 errors, 0 left on base; Reading 0 - San Antonio 0
BOTTOM OF THE 3RD
San Antonio Missions batting - Pitching for Reading Fightin Phils : RHP Dale Turner
Batting: SHB Isaiah Scates 0-0: Fly out, F8 (Flyball, 8LXD, EV 88.1 MPH)
Batting: RHB Eric Erickson 0-0: Hit by Pitch
Batting: RHB Niek de Haan 0-0: Ball
1-0: Ball
2-0: Called Strike
2-1: Fielders Choice at 2nd, 6-4 (Groundball, 6M, EV 98.1 MPH)
Batting: LHB Pat Aviles 0-0: Ball
1-0: Called Strike
1-1: Ball
Niek de Haan steals 2nd base
2-1: Ground out 3-1 (Groundball, 34, EV 88.1 MPH)
Bottom of the 3rd over - 0 runs, 0 hits, 0 errors, 1 left on base; Reading 0 - San Antonio 0
TOP OF THE 4TH
Reading Fightin Phils batting - Pitching for San Antonio Missions : RHP John Mason
Batting: RHB Greg Herzig 0-0: Foul Ball, location: 2F
0-1: Called Strike
0-2: Fly out, F7 (Line Drive, 7, EV 89.4 MPH)
Batting: RHB Guan-pei Gao 0-0: Ball
1-0: Ball
2-0: Called Strike
2-1: Called Strike
2-2: Ground out U3 (Groundball, 3, EV 85.6 MPH)
Batting: RHB Victor Arroyo 0-0: Ball
1-0: Called Strike
1-1: Called Strike
1-2: Ground out 5-3 (Groundball, 56, EV 91.2 MPH)
Top of the 4th over - 0 runs, 0 hits, 0 errors, 0 left on base; Reading 0 - San Antonio 0
BOTTOM OF THE 4TH
San Antonio Missions batting - Pitching for Reading Fightin Phils : RHP Dale Turner
Batting: RHB Kory Sanchez 0-0: Called Strike
0-1: Foul Ball, location: 2F
0-2: Ball
1-2: Strikes out swinging
Batting: RHB Mike MacLeod 0-0: Ball
1-0: Called Strike
1-1: Swinging Strike
1-2: Foul Ball, location: 2F
1-2: Ground out U3 (Groundball, 34, EV 80.0 MPH)
Batting: RHB Caleb Russell 0-0: Ball
1-0: Called Strike
1-1: Fly out, F7 (Flyball, 7, EV 93.1 MPH)
Bottom of the 4th over - 0 runs, 0 hits, 0 errors, 0 left on base; Reading 0 - San Antonio 0
TOP OF THE 5TH
Reading Fightin Phils batting - Pitching for San Antonio Missions : RHP John Mason
Batting: RHB Mike Bell 0-0: Ball
1-0: Ball
2-0: Ball
3-0: Foul Ball, location: 2F
3-1: Base on Balls
Batting: RHB David Clough 0-0: Called Strike
0-1: Fielders Choice at 2nd, 4-6 (Groundball, 4MS, EV 83.1 MPH)
Batting: RHB Victor Arias 0-0: Called Strike
0-1: Called Strike
0-2: Foul Ball, location: 2F
0-2: Ball
1-2: Strikes out looking
Batting: RHB Jake Cox 0-0: Foul Ball, location: 2F
0-1: Ball
1-1: Swinging Strike
1-2: Ball
2-2: Foul Ball, location: 2F
2-2: Ball
3-2: Fly out, F8 (Flyball, 8LD, EV 106.2 MPH)
Top of the 5th over - 0 runs, 0 hits, 0 errors, 1 left on base; Reading 0 - San Antonio 0
BOTTOM OF THE 5TH
San Antonio Missions batting - Pitching for Reading Fightin Phils : RHP Dale Turner
Batting: RHB Bryan Pitcher 0-0: Fly out, F8 (Flyball, 8LS, EV 92.5 MPH)
Batting: RHB Jaden Scott 0-0: Ball
1-0: Ball
2-0: Ground out 5-3 (Groundball, 56S, EV 86.9 MPH)
Batting: SHB Isaiah Scates 0-0: Ball
1-0: Foul Ball, location: 2F
1-1: Ball
2-1: Ball
3-1: Base on Balls
Batting: RHB Eric Erickson 0-0: Swinging Strike
0-1: Swinging Strike
0-2: Ball
1-2: Strikes out swinging
Bottom of the 5th over - 0 runs, 0 hits, 0 errors, 1 left on base; Reading 0 - San Antonio 0
TOP OF THE 6TH
Reading Fightin Phils batting - Pitching for San Antonio Missions : RHP John Mason
Batting: RHB Mike Meeker 0-0: Called Strike
0-1: Ball
1-1: Ball
2-1: Ground out 6-3 (Groundball, 6M, EV 113.1 MPH)
Batting: RHB Alberto Ramirez 0-0: Ball
1-0: Ball
2-0: Called Strike
2-1: DOUBLE (Line Drive, 9LD, EV 100.0 MPH)
Batting: RHB Greg Herzig 0-0: Foul Ball, location: 2F
0-1: Called Strike
0-2: Ball
1-2: Foul Ball, location: 2F
1-2: Ball
2-2: Hit by Pitch
Batting: RHB Guan-pei Gao 0-0: Swinging Strike
0-1: Ball
Wild Pitch!
Alberto Ramirez to third
Greg Herzig to second
1-1: Ball
2-1: Swinging Strike
2-2: Strikes out looking
Batting: RHB Victor Arroyo 0-0: Swinging Strike
0-1: Foul Ball, location: 2F
0-2: Strikes out swinging
Top of the 6th over - 0 runs, 1 hit, 0 errors, 2 left on base; Reading 0 - San Antonio 0
BOTTOM OF THE 6TH
San Antonio Missions batting - Pitching for Reading Fightin Phils : RHP Dale Turner
Batting: RHB Niek de Haan 0-0: Foul Ball, location: 2F
0-1: Swinging Strike
0-2: Ball
1-2: Ball
2-2: Foul Ball, location: 2F
2-2: Ball
3-2: Foul Ball, location: 2F
3-2: Foul Ball, location: 2F
3-2: Base on Balls
Batting: LHB Pat Aviles 0-0: Called Strike
0-1: Foul Ball, location: 2F
0-2: Ball
1-2: Fly out, F8 (Flyball, 8RXD, EV 88.1 MPH)
Runner from 1st tags up, SAFE at 2nd
Batting: RHB Kory Sanchez 0-0: Intentional Walk
Batting: RHB Mike MacLeod 0-0: Ball
1-0: Foul Ball, location: 2F
1-1: Foul Ball, location: 2F
1-2: Foul Ball, location: 2F
1-2: Fielders Choice at 2nd, 1-6 (Groundball, 34S, EV 67.5 MPH)
Niek de Haan to third
Batting: RHB Caleb Russell 0-0: Ball
1-0: Called Strike
1-1: Ball
2-1: Foul Ball, location: 2F
2-2: Ball
Wild Pitch!
Niek de Haan scores
Mike MacLeod to second
3-2: Foul Ball, location: 2F
3-2: Ground out 6-3 (Groundball, 6, EV 82.5 MPH)
Bottom of the 6th over - 1 run, 0 hits, 0 errors, 1 left on base; Reading 0 - San Antonio 1
TOP OF THE 7TH
Reading Fightin Phils batting - Pitching for San Antonio Missions : RHP John Mason
Batting: RHB Mike Bell 0-0: Ball
1-0: Foul Ball, location: 2F
1-1: Foul Ball, location: 2F
1-2: Ball
2-2: Ball
3-2: Base on Balls
Batting: RHB David Clough 0-0: Ball
1-0: Ball
Mike Bell steals 2nd base
2-0: Foul Ball, location: 2F
2-1: Called Strike
2-2: Foul Ball, location: 2F
2-2: SINGLE (Groundball, 6MD, EV 94.4 MPH)
Mike Bell to third
Runner from 3rd tries for Home, SAFE, throw by CF to home
David Clough to second
Pitching: RHP Adrian de la Cerda
Batting: RHB Victor Arias 0-0: Foul Ball, location: 2F
0-1: Ground out 5-3 (Groundball, 56, EV 98.8 MPH)
Batting: RHB Jake Cox 0-0: Ground out 6-3 (Groundball, 6, EV 89.4 MPH)
Batting: RHB Mike Meeker 0-0: Called Strike
0-1: Foul Ball, location: 2F
0-2: 2-RUN HOME RUN (Flyball, 78XD, EV 106.2 MPH), Distance : 396 ft
Batting: RHB Alberto Ramirez 0-0: Ball
1-0: Foul Ball, location: 2F
1-1: Foul Ball, location: 2F
1-2: Strikes out swinging
Top of the 7th over - 3 runs, 2 hits, 0 errors, 0 left on base; Reading 3 - San Antonio 1
BOTTOM OF THE 7TH
San Antonio Missions batting - Pitching for Reading Fightin Phils : RHP Dale Turner
Batting: RHB Bryan Pitcher 0-0: Ball
1-0: Called Strike
1-1: Ball
2-1: Ball
3-1: Swinging Strike
3-2: Base on Balls
Pinch Hitting: SHB Jorge Brito 0-0: Ball
1-0: Called Strike
1-1: Called Strike
1-2: Foul Ball, location: 2F
1-2: Strikes out swinging
Batting: SHB Isaiah Scates 0-0: Ball
1-0: SINGLE (Line Drive, 3D, EV 97.5 MPH)
Bryan Pitcher to second
Runner from 2nd tries for 3rd, SAFE, throw by RF made to third
Pitching: RHP T.J. Gray
Pinch Hitting: LHB Chad Cutler 0-0: Ball
1-0: Ball
2-0: Swinging Strike
2-1: Foul Ball, location: 2F
2-2: Ball
3-2: Foul Ball, location: 2F
3-2: Base on Balls
Isaiah Scates to second
Batting: RHB Niek de Haan 0-0: Ball
1-0: Ball
2-0: Ball
3-0: Base on Balls
Bryan Pitcher scores
Isaiah Scates to third
Chad Cutler to second
Batting: LHB Pat Aviles 0-0: Ball
Wild Pitch!
Isaiah Scates scores
Chad Cutler to third
Niek de Haan to second
1-0: Intentional Walk
Batting: RHB Kory Sanchez 0-0: Ball
1-0: Ball
2-0: Called Strike
2-1: Foul Ball, location: 2F
2-2: Grounds into fielders choice 4-2 (Groundball, 4M, EV 101.9 MPH)
Niek de Haan to third
Pat Aviles to second
Batting: RHB Mike MacLeod 0-0: Called Strike
0-1: Swinging Strike
0-2: Strikes out looking
Bottom of the 7th over - 2 runs, 1 hit, 0 errors, 3 left on base; Reading 3 - San Antonio 3
TOP OF THE 8TH
Reading Fightin Phils batting - Pitching for San Antonio Missions : RHP Adrian de la Cerda
Now at 2B: Travis Carter
Now in CF: Chad Cutler
Batting: RHB Greg Herzig 0-0: Called Strike
0-1: Ball
1-1: Ground out U3 (Groundball, 13, EV 83.1 MPH)
Batting: RHB Guan-pei Gao 0-0: Fly out, F9 (Flyball, 89S, EV 79.4 MPH)
Batting: RHB Victor Arroyo 0-0: Ball
1-0: Ball
2-0: Foul Ball, location: 2F
2-1: Foul Ball, location: 2F
2-2: SINGLE (Line Drive, 7S, EV 91.2 MPH)
Batting: RHB Mike Bell 0-0: Called Strike
0-1: Ball
1-1: SINGLE (Line Drive, 9LM, EV 106.2 MPH)
Victor Arroyo to second
Pinch Runner at 2nd Daniel Samano:
Batting: RHB David Clough 0-0: Ball
1-0: Ground out 1-3 (Groundball, 15S, EV 65.6 MPH)
Top of the 8th over - 0 runs, 2 hits, 0 errors, 2 left on base; Reading 3 - San Antonio 3
BOTTOM OF THE 8TH
San Antonio Missions batting - Pitching for Reading Fightin Phils : RHP T.J. Gray
Pitching: RHP David Oviedo
Batting: RHB Caleb Russell 0-0: Called Strike
0-1: Ball
1-1: Foul Ball, location: 2F
1-2: Ground out 5-3 (Groundball, 56, EV 85.6 MPH)
Batting: RHB Bryan Pitcher 0-0: Called Strike
0-1: Ball
1-1: Foul Ball, location: 2F
1-2: Ground out 4-3 (Groundball, 4, EV 103.8 MPH)
Batting: RHB Travis Carter 0-0: SINGLE (Groundball, 56D, EV 95.0 MPH)
Batting: SHB Isaiah Scates 0-0: Ball
1-0: Called Strike
Travis Carter steals 2nd base
1-1: Swinging Strike
1-2: Ball
2-2: Foul Ball, location: 2F
2-2: Foul Ball, location: 2F
2-2: Strikes out swinging
Bottom of the 8th over - 0 runs, 1 hit, 0 errors, 1 left on base; Reading 3 - San Antonio 3
TOP OF THE 9TH
Reading Fightin Phils batting - Pitching for San Antonio Missions : RHP Adrian de la Cerda
Pitching: RHP Danny Rasdall
Batting: RHB Victor Arias 0-0: Ball
1-0: Ball
2-0: Swinging Strike
2-1: SINGLE (Groundball, 6MS, EV 67.5 MPH) (infield hit)
Batting: RHB Jake Cox 0-0: Bunt missed!
0-1: Ball
1-1: Sac Bunt to 13S - play at first, batter safe!
Victor Arias to second
Batting: RHB Mike Meeker 0-0: Bunted foul
0-1: Ball
1-1: Called Strike
Victor Arias steals 3rd base
1-2: Strikes out swinging
Batting: RHB Alberto Ramirez 0-0: Ball
1-0: Fly out, F7 (Flyball, 7S, EV 98.1 MPH)
Batting: RHB Greg Herzig 0-0: Called Strike
0-1: Ball
1-1: Fielders Choice at 2nd, 6-4 (Groundball, 6, EV 86.2 MPH)
Top of the 9th over - 0 runs, 2 hits, 0 errors, 2 left on base; Reading 3 - San Antonio 3
BOTTOM OF THE 9TH
San Antonio Missions batting - Pitching for Reading Fightin Phils : RHP David Oviedo
Pitching: RHP Andrew Giles
Batting: LHB Chad Cutler 0-0: Called Strike
0-1: Foul Ball, location: 2F
0-2: Strikes out swinging
Batting: RHB Niek de Haan 0-0: Called Strike
0-1: Ball
1-1: Called Strike
1-2: Foul Ball, location: 2F
1-2: Ball
2-2: SINGLE (Groundball, 6MD, EV 95.0 MPH)
Batting: LHB Pat Aviles 0-0: Called Strike
0-1: Ball
1-1: Ball
2-1: Ball
3-1: Foul Ball, location: 2F
3-2: Foul Ball, location: 2F
3-2: Foul Ball, location: 2F
3-2: Base on Balls
Niek de Haan to second
Batting: RHB Kory Sanchez 0-0: Ball
1-0: Ball
2-0: Foul Ball, location: 2F
2-1: Foul Ball, location: 2F
2-2: SINGLE (Groundball, 56D, EV 108.8 MPH)
Niek de Haan to third
Pat Aviles to second
Runner from 3rd tries for Home, SAFE, throw by LF to home
Bottom of the 9th over - 1 run, 2 hits, 0 errors, 2 left on base; Reading 3 - San Antonio 4
Sunday, July 16th , 2023 - OOTP Baseball 24.6 Build 69